cohdb
Replays
Latest Replays
All Replays
Popular Replays
Top Player Replays
Match Explorer
How It Works
Community
CoH3 Stats
Reddit
Sign in to upload your games and track your stats! →
Sign in with Steam
Match 36589730
Unlisted
Match 36589730
Overview
Messages
Build Orders
End
Selects Armored Battlegroup
Selects Assault Engineers
Assault Engineer Squad
Assault Engineer Squad
Assault Engineer Squad
Construct Weapon Support Center
M1919 Machine Gun Team
Construct Medical Station
Infantry Support Center
Construct Motor Pool
M1 Anti-tank Gun Team
Selects M31 Recovery Vehicle
Selects Fast Deploy
M8 Greyhound Armored Car
M24 Chaffee Light Tank
Selects War Machine
M24 Chaffee Light Tank
Haribo_Sneakers
Hello!
OMJimas
Legion
0
0
Comments
sign in to comment!
No comments posted yet!